 Dungeon Crawl Stone Soup version 0.31-a0-1002-g8e65716e6e (webtiles) character file.

Game seed: 1554415319936996700

171252 BinkBink the Brawler (level 17, -7/187 HPs)
             Began as a Troll Berserker on Nov 9, 2023.
             Was the Champion of Trog.
             Mangled by a steelbarb worm (22 damage)
             ... on level 4 of the Spider Nest.
             The game lasted 00:53:30 (29148 turns).

BinkBink the Brawler (Troll Berserker)             Turns: 29148, Time: 00:53:31

Health: -7/187     AC:  3    Str: 35    XL:     17   Next: 39%
Magic:  7/7        EV: 18    Int:  6    God:    Trog [******]
Gold:   1599       SH: 21    Dex: 11    Spells: 16/16 levels left

rFire   . .          .
                       - Unarmed
rCold   + . .        P - +5 tower shield {rC+}
rNeg    . . .        b - +1 troll leather armour {Snorg}
rPois   .            T - +2 hat {SInv}
rElec   .            X - +4 cloak of the Lair of Beasts {MP-9 Int+3 Dex+2}
rCorr   .            (gloves unavailable)
SInv    +            (boots unavailable)
Will    +....        L - amulet of regeneration
Stlth   +            z - +5 ring of evasion
HPRegen 2.91/turn    o - +5 ring of evasion
MPRegen 0.10/turn

%: no passive effects
@: spiked, corroded, studying 2 skills, invisible (expiring)
A: large, unfitting armour, claws 3, regeneration 1, shaggy fur 1, tough skin 1
a: Renounce Religion, Berserk, Trog's Hand, Brothers in Arms


You were on level 4 of the Spider Nest.
You worshipped Trog.
Trog was exalted by your worship.
You visited 4 branches of the dungeon, and saw 26 of its levels.
You also visited: Ossuary and Ice Cave.

You collected 2926 gold pieces.
You spent 1327 gold pieces at shops.

Inventory:

Hand Weapons
 G - the +5 short sword of Trog's Grace {heavy, rF+}
   (Trog gifted it to you in an ossuary)

   rF+:       It protects you from fire.
Missiles
 u - 5 throwing nets
Armour
 b - a +1 troll leather armour (worn) {Snorg}
 J - quicksilver dragon scales
 P - a +5 tower shield of cold resistance (worn)
 T - a +2 hat of see invisible (worn)
 X - the +4 cloak of the Lair of Beasts (worn) {MP-9 Int+3 Dex+2}
   (You found it on level 3 of the Dungeon)

   Int+3:     It affects your intelligence (+3).
   Dex+2:     It affects your dexterity (+2).
   MP-9:      It affects your magic capacity (-9).
Jewellery
 c - a ring of resist corrosion
 m - a ring of positive energy
 o - a +5 ring of evasion (right claw)
 r - a ring of ice
 z - a +5 ring of evasion (left claw)
 K - a ring of poison resistance
 L - an amulet of regeneration (around neck)
 O - a +4 ring of protection
Talismans
 n - a granite talisman
Wands
 s - a wand of light (24)
 D - a wand of polymorph (14)
 F - a wand of mindburst (19)
 M - a wand of roots (12)
 Q - a wand of paralysis (20)
 U - a wand of flame (10)
 Y - a wand of digging (9)
Scrolls
 a - 2 scrolls of identify
 f - 5 scrolls of revelation
 j - a scroll of blinking
 k - 10 scrolls of teleportation
 y - 3 scrolls of fear
 A - 2 scrolls of enchant weapon
 C - 3 scrolls of fog
Potions
 d - 4 potions of haste
 e - 4 potions of curing
 g - 3 potions of berserk rage
 h - 3 potions of enlightenment
 i - 6 potions of attraction
 l - 4 potions of magic
 q - 2 potions of lignification {unknown}
 w - 4 potions of might {unknown}
 H - 2 potions of mutation {unknown}
 R - 6 potions of ambrosia
 W - 4 potions of brilliance


   Skills:
 + Level 15.8 Fighting
 + Level 12.5 Armour
 - Level 2.4 Dodging
 + Level 11.9 Shields
 + Level 18.5 Unarmed Combat
 * Level 1.8 Shapeshifting


You had 16 spell levels left.
You didn't know any spells.
Your spell library was empty.

Dungeon Overview and Level Annotations

Branches:
Dungeon (15/15)            Temple (0/1) D:4            Lair (5/5) D:10
  Swamp (0/4) Lair:3       Spider (4/4) Lair:2        Slime (0/5) Lair:5
    Orc (2/2) D:12            Elf (0/3) Orc:2        Vaults (0/5) D:14
 Depths (0/4) D:15        Ossuary (visited)           IceCv (visited)

Altars:
Ashenzari
Dithmenos
Elyvilon
Fedhas
Gozag
Hepliaklqana
Qazlal
Ru
Sif Muna
Trog
Uskayaw
Wu Jian
Xom
Yredelemnul
Zin
Jiyva

Shops:
D:8 =   D:10 **   Orc:2 ?![(*

Portals:
Trove: D:15 (give +4 ice dragon scales)

Annotations:
D:4 1 runed translucent door, Crazy Yiuf
Lair:4 3 runed translucent doors, Turbonekonecno's ghost, journeyman SpEn
Lair:5 1 runed translucent door, Opifex's ghost, journeyman MfSh


Innate Abilities, Weirdness & Mutations

You are too large for most types of armour.
You have claws for hands.
Your natural rate of healing is unusually fast.
You are covered in fur. (AC +1)
You have tough skin. (AC +1)


Message History

The entropy weaver casts a spell at you.
The entropic weave corrodes you!
You flicker for a moment.
You feel sick.
Your troll bites the jorogumo!!
The jorogumo dies!
Trog accepts your kill.
Trog appreciates your killing of a magic user.
The entropy weaver completely misses you.
The entropy weaver hits you!
* * * LOW HITPOINT WARNING * * *
The entropy weaver misses you. The entropy weaver barely misses you.
The steelbarb worm closely misses you.
Your troll bites the steelbarb worm.
Your troll claws the steelbarb worm.
Your troll claws the steelbarb worm but does no damage.
You feel sick. The entropy weaver hits you!
* * * LOW HITPOINT WARNING * * *
The entropy weaver completely misses you. x3
Your troll barely misses the steelbarb worm.
Your troll claws the steelbarb worm!
Your troll claws the steelbarb worm but does no damage.
The steelbarb worm hits your troll!
Your troll is skewered by barbed spikes.
You are too confused!
You feel better.
You feel less invigorated.
Your troll bites the steelbarb worm.
Your troll barely misses the steelbarb worm.
Your troll closely misses the steelbarb worm.
You block the entropy weaver's attack. The entropy weaver misses you.
You block the entropy weaver's attack. The entropy weaver hits you!
* * * LOW HITPOINT WARNING * * *
The steelbarb worm completely misses you.
Your troll bites the steelbarb worm but does no damage.
Your troll claws the steelbarb worm but does no damage.
Your troll claws the steelbarb worm!
You barely miss the steelbarb worm.
The steelbarb worm is heavily wounded.
You recover from your berserk rage.
The entropy weaver casts a spell at you.
The entropic weave corrodes you! The steelbarb worm hits you!!
You die...

.........$.........
...............!.....
.........).^.........
.....................
................$....
............^........
.....<..†.†..........
.....?..†...B........
.........^..w@.......
............†T.......
...............^.....
........^..^.........
....^........../.....
.....................
.....................
.............$....
.....^.........


You could see an entropy weaver, a steelbarb worm (unable to see you, ally
target) and a friendly troll (summoned, berserk, skewered).

Vanquished Creatures
  Saint Roka (Orc:2)
  Jorgrun (Orc:2)
  Rupert (D:15)
  Frances (D:13)
  Roxanne (D:15)
  2 emperor scorpions
  2 ghost moths
  A reaper (IceCv)
  A very ugly thing (D:15)
  An eleionoma (Lair:3)
  Azrael (Spider:3)
  A spark wasp (Spider:3)
  Nessos (D:15)
  Snorg (D:14)
  5 entropy weavers
  Josephine (D:11)
  5 vault guards (D:14)
  A death knight (D:14)
  2 centaur warriors
  A rakshasa (D:15)
  2 hydras
  A jorogumo (Spider:3)
  2 ogre magi (D:15)
  An anaconda (shapeshifter) (D:15)
  13 two-headed ogres
  6 boulder beetles
  3 radroaches (Spider:3)
  The ghost of haldagan the Skirmisher, a journeyman DEHu of Cheibriados (Lair:2)
  8 death yaks
  6 demonic crawlers
  Urug (D:10)
  2 orc high priests
  3 skysharks
  3 skeletal warriors (D:14)
  5 pharaoh ants
  A sun moth (Spider:2)
  Lodul (D:12)
  2 orb spiders
  A lindwurm (Lair:5)
  6 orc knights
  2 deep elf archers (D:14)
  An oklob plant (Lair:2)
  A deep elf pyromancer (D:12)
  A phantasmal warrior (D:14)
  17 wolf spiders
  20 ugly things
  2 steelbarb worms
  5 orc sorcerers
  A salamander (shapeshifter) (D:15)
  23 elephants
  3 cyclopes
  5 manticores
  2 moths of wrath
  5 black mambas
  An ice statue (IceCv)
  7 torpor snails
  26 cane toads
  An unseen horror (D:12)
  3 rime drakes
  12 komodo dragons
  A gargoyle (D:14)
  An efreet (D:14)
  An ice devil (IceCv)
  Jeremiah (D:7)
  A yaktaur (D:14)
  3 freezing wraiths (D:14)
  4 tengu conjurers
  2 tyrant leeches (Lair:5)
  A merfolk (D:9)
  5 trolls
  Prince Ribbit (D:7)
  A queen bee (Lair:2)
  21 tarantellas
  5 hornets
  24 blink frogs
  A tarantella (shapeshifter) (D:13)
  A centaur simulacrum (D:14)
  10 slime creatures
  23 jumping spiders
  Sigmund (D:6)
  A vampire (D:11)
  9 wraiths
  A shadow (D:13)
  8 wyverns
  17 culicivoras
  47 yaks
  3 fire elementals (Spider:3)
  Eustachio (D:6)
  2 steam dragons
  A human (D:14)
  Grum (D:10)
  4 basilisks
  3 death yak simulacra (IceCv)
  54 redbacks
  10 vampire mosquitoes
  2 wargs
  3 hydra simulacra (IceCv)
  3 acid dragons
  4 harpy simulacra (IceCv)
  A hell hound (Spider:3)
  11 water moccasins
  Duvessa (D:6)
  46 orc warriors
  An ice beast (D:5)
  A black bear (D:8)
  16 ogres
  10 centaurs
  20 wolves
  The ghost of pzskc383 the Chopper, an amateur GrFi (D:3)
  An elf zombie (Ossuary)
  A kobold brigand (D:9)
  Blork the orc (D:4)
  2 gnoll sergeants
  2 scorpions (D:6)
  4 two-headed ogre simulacra (IceCv)
  A cane toad simulacrum (IceCv)
  17 bullfrogs
  20 wights
  Dowan (D:6)
  An elephant simulacrum (IceCv)
  40 killer bees
  3 electric eels
  A howler monkey (D:10)
  A crimson imp (D:4)
  A lava snake (D:8)
  2 bullfrog skeletons (D:8)
  4 hounds
  A human zombie (Ossuary)
  2 jellies
  34 orc priests
  3 iguanas
  5 scorpion zombies
  3 sleepcaps
  29 orc wizards
  4 spriggan simulacra (IceCv)
  5 troll simulacra (IceCv)
  2 polar bear simulacra (IceCv)
  A wolf simulacrum (IceCv)
  2 hound zombies
  4 mummies (Ossuary)
  A howler monkey skeleton (D:8)
  5 gnolls (D:6)
  7 naga simulacra (IceCv)
  4 adders
  3 shadow imps
  10 white imps
  10 ufetubi
  3 adder zombies
  A worm (D:4)
  5 dart slugs
  111 orcs
  7 endoplasms
  3 giant cockroaches (D:1)
  5 goblins
  11 hobgoblins
  11 jackals
  4 quokkas
  7 ball pythons
  9 bats
  7 frilled lizards
  A gnoll zombie (Ossuary)
  2 hobgoblin zombies (Ossuary)
  17 kobolds
  A kobold zombie (Ossuary)
  2 orc zombies (Ossuary)
  2 rats
  A rat zombie (Ossuary)
1075 creatures vanquished.

Vanquished Creatures (collateral kills)
  A jorogumo (Spider:4)
  Sonja (D:10)
  A redback (Spider:4)
3 creatures vanquished.

Vanquished Creatures (others)
  A vampire mosquito (D:8)
  An orc warrior (D:14)
  An orc wizard (Orc:1)
  An adder (D:6)
  A white imp (D:6)
5 creatures vanquished.

Grand Total: 1083 creatures vanquished

Notes
Turn   | Place    | Note
-------+----------+-------------------------------------------
     0 | D:1      | BinkBink the Troll Berserker began the quest for the Orb.
     0 | D:1      | Reached XP level 1. HP: 22/22 MP: 0/0
   405 | D:1      | Reached XP level 2. HP: 29/29 MP: 1/1
   793 | D:1      | Reached ** piety under Trog
  1048 | D:2      | Found a faded altar of an unknown god.
  1054 | D:2      | Reached XP level 3. HP: 29/37 MP: 2/2
  1651 | D:2      | Reached skill level 4 in Unarmed Combat
  1895 | D:3      | Identified the "Hazair"
  2054 | D:3      | Found a runed translucent gate.
  2055 | D:3      | Found a runed translucent gate.
  2055 | D:3      | Noticed pzskc383's ghost (amateur GrFi)
  2056 | D:3      | Found a runed translucent gate.
  2070 | D:3      | Reached XP level 4. HP: 45/45 MP: 3/3
  2150 | D:3      | Reached *** piety under Trog
  2207 | D:3      | Found a white marble altar of Elyvilon.
  2715 | D:4      | Found a hazy altar of Hepliaklqana.
  2786 | D:4      | Reached XP level 5. HP: 52/54 MP: 4/4
  2925 | D:4      | Reached skill level 5 in Unarmed Combat
  3003 | D:4      | Found an ornate altar of the Wu Jian Council.
  3006 | D:4      | Found a staircase to the Ecumenical Temple.
  3015 | D:4      | Found a stormy altar of Qazlal.
  3054 | D:4      | Noticed Blork the orc
  3065 | D:4      | Killed Blork the orc
  3066 | D:4      | Reached XP level 6. HP: 39/63 MP: 5/5
  3141 | D:4      | Found a basalt altar of Yredelemnul.
  3143 | D:4      | Reached **** piety under Trog
  3228 | D:4      | Found a runed translucent door.
  3229 | D:4      | Noticed Crazy Yiuf
  3294 | D:4      | Found a bloodstained altar of Trog.
  3295 | D:4      | Found a shadowy altar of Dithmenos.
  3462 | D:5      | Entered Level 5 of the Dungeon
  3465 | D:5      | Reached skill level 5 in Fighting
  3466 | D:5      | Reached skill level 6 in Unarmed Combat
  3466 | D:5      | Reached XP level 7. HP: 72/72 MP: 6/6
  3560 | D:5      | Noticed a steam dragon
  3583 | D:5      | Killed a steam dragon
  3586 | D:5      | Reached skill level 7 in Unarmed Combat
  3703 | D:5      | Found a shimmering blue altar of Sif Muna.
  3705 | D:5      | Found a blossoming altar of Fedhas.
  3915 | D:5      | Reached XP level 8. HP: 70/83 MP: 7/7
  4064 | D:5      | Found a glowing silver altar of Zin.
  5036 | D:6      | Reached skill level 8 in Unarmed Combat
  5316 | D:6      | Noticed Duvessa
  5316 | D:6      | Noticed Sigmund
  5317 | D:6      | Noticed Dowan
  5324 | D:6      | Killed Duvessa
  5334 | D:6      | Killed Sigmund
  5338 | D:6      | Killed Dowan
  5573 | D:6      | Noticed Eustachio
  5580 | D:6      | Killed Eustachio
  5581 | D:6      | Reached XP level 9. HP: 87/93 MP: 8/8
  5736 | D:6      | Reached skill level 9 in Unarmed Combat
  5794 | D:7      | Identified the "Irphyibb"
  5958 | D:7      | Noticed Jeremiah
  5962 | D:7      | Killed Jeremiah
  5984 | D:7      | Found an opulent altar of Gozag.
  6010 | D:7      | Reached skill level 10 in Unarmed Combat
  6077 | D:7      | Noticed Prince Ribbit
  6082 | D:7      | Killed Prince Ribbit
  6178 | D:7      | Reached ***** piety under Trog
  6334 | D:7      | Reached XP level 10. HP: 97/107 MP: 9/9
  6630 | D:8      | Reached skill level 11 in Unarmed Combat
  6668 | D:8      | Noticed a centaur warrior
  6668 | D:8      | Noticed an eight-headed hydra
  6668 | D:8      | Noticed an eight-headed hydra
  6669 | D:8      | Noticed a boulder beetle
  6713 | D:8      | Found Patolano's Jewellery Shop.
  6720 | D:8      | Found a sacrificial altar of Ru.
  6757 | D:8      | Found a hide-covered altar of Uskayaw.
  6813 | D:8      | Identified the +0 plate armour of Hedging {Regen+ Slay+2}
  6888 | D:8      | Found a sand-covered staircase.
  6897 | Ossuary  | Entered an ossuary
  6903 | Ossuary  | Identified the +5 short sword of Trog's Grace {heavy, rF+}
                  | (Trog gifted it to you in an ossuary)
  6903 | Ossuary  | Received a gift from Trog
  7114 | D:8      | Found a shimmering altar of Xom.
  7612 | D:9      | Noticed a two-headed ogre
  7616 | D:9      | Killed a two-headed ogre
  7617 | D:9      | Reached skill level 10 in Fighting
  7855 | D:9      | Noticed a two-headed ogre
  7859 | D:9      | Killed a two-headed ogre
  7860 | D:9      | Reached skill level 1 in Armour
  7860 | D:9      | Reached skill level 12 in Unarmed Combat
  8396 | D:10     | Entered Level 10 of the Dungeon
  8396 | D:10     | Noticed Sonja
  8508 | D:10     | Noticed Urug
  8523 | D:10     | Killed Urug
  8524 | D:10     | Reached XP level 11. HP: 32/119 MP: 10/10
  8745 | D:10     | Found Maraew's Specific Store.
  8793 | D:10     | Found Teitoeca's General Store.
  8866 | D:10     | HP: 3/119 [Sonja/+1 short sword of venom (4)]
  8866 | D:10     | HP: 1/119 [Sonja/+1 short sword of venom (2)]
  8871 | D:10     | Killed Sonja
  9149 | D:10     | Found a broken altar of Ashenzari.
  9419 | D:10     | Noticed Grum
  9433 | D:10     | Killed Grum
  9495 | D:10     | Noticed a two-headed ogre
  9501 | D:10     | Killed a two-headed ogre
  9507 | D:10     | Reached skill level 13 in Unarmed Combat
  9609 | D:10     | Found a staircase to the Lair.
  9953 | D:11     | Noticed Josephine
  9965 | D:11     | Killed Josephine
  9966 | D:11     | Reached skill level 5 in Armour
 10021 | D:11     | Reached XP level 12. HP: 130/130 MP: 11/11
 10026 | D:11     | Received a gift from Trog
 10047 | D:11     | Noticed a two-headed ogre
 10056 | D:11     | Killed a two-headed ogre
 10745 | D:12     | Found a frozen archway.
 10748 | D:12     | Noticed a two-headed ogre
 10757 | D:12     | Killed a two-headed ogre
 10762 | IceCv    | Entered an ice cave
 10905 | IceCv    | Reached skill level 14 in Unarmed Combat
 11388 | IceCv    | Reached ****** piety under Trog
 11461 | IceCv    | Noticed a reaper
 11486 | IceCv    | Killed a reaper
 11486 | IceCv    | Received a gift from Trog
 11958 | D:12     | Reached skill level 1 in Shields
 12070 | D:12     | Noticed a two-headed ogre
 12072 | D:12     | Noticed a two-headed ogre
 12074 | D:12     | Found a staircase to the Orcish Mines.
 12076 | D:12     | Killed a two-headed ogre
 12085 | D:12     | Killed a two-headed ogre
 12216 | D:12     | Noticed Lodul
 12230 | D:12     | Killed Lodul
 12234 | D:12     | Reached XP level 13. HP: 50/141 MP: 12/12
 12547 | D:13     | Noticed Frances
 12554 | D:13     | Killed Frances
 13103 | Orc:1    | Entered Level 1 of the Orcish Mines
 13627 | Lair:1   | Entered Level 1 of the Lair of Beasts
 13665 | Lair:1   | Reached skill level 15 in Unarmed Combat
 14092 | Lair:1   | You fall into a shaft and drop 1 floor!
 14159 | Lair:2   | Identified the +12 trident of Hommoseh {antimagic, rF-
                  | Str+2 Dex+4} (Trog gifted it to you on level 2 of the Lair
                  | of Beasts)
 14159 | Lair:2   | Received a gift from Trog
 14183 | Lair:2   | Reached skill level 5 in Shields
 14373 | Lair:2   | Reached XP level 14. HP: 153/153 MP: 13/13
 14374 | Lair:2   | Found a hole to the Spider Nest.
 14500 | Lair:2   | Noticed haldagan's ghost (journeyman DEHu)
 14501 | Lair:2   | Found a runed translucent gate.
 14502 | Lair:2   | Found a runed translucent gate.
 14507 | Lair:2   | Found a runed translucent gate.
 14828 | Lair:2   | Identified the +1 rapier "Cagy" {heavy, rC++ MP+9 Int+2
                  | Dex+4}
 15186 | D:3      | Killed pzskc383's ghost
 15203 | D:3      | Identified the +4 cloak of the Lair of Beasts {MP-9 Int+3
                  | Dex+2}
 15828 | Orc:1    | Found a bloodstained altar of Trog.
 15923 | Orc:1    | Identified the +7 short sword "Egexeceh" {heavy, Fly rPois
                  | rCorr Int-4} (Trog gifted it to you on level 1 of the
                  | Orcish Mines)
 15923 | Orc:1    | Received a gift from Trog
 15999 | Orc:2    | Entered Level 2 of the Orcish Mines
 16078 | Orc:2    | Found Jali's Distillery.
 16139 | Orc:2    | Found a staircase to the Elven Halls.
 16144 | Orc:2    | Noticed Jorgrun
 16162 | Orc:2    | Killed Jorgrun
 16364 | Orc:2    | Found Calol's General Store.
 16415 | Orc:2    | Bought a scroll of acquirement for 780 gold pieces
 16791 | Orc:2    | Received a gift from Trog
 16800 | Orc:2    | Noticed Saint Roka
 16981 | Orc:2    | Found Atesegh's Magic Scroll Shoppe.
 17448 | Orc:2    | Found Zamaoneg's Antique Weapon Shop.
 17450 | Orc:2    | Found Ulaepasu's Antique Armour Boutique.
 17508 | Orc:2    | Bought a scroll of enchant armour for 127 gold pieces
 17509 | Orc:2    | Acquired a +2 hat of see invisible
 17542 | Orc:2    | Received a gift from Trog
 17832 | Orc:2    | Killed Saint Roka
 17833 | Orc:2    | Reached skill level 16 in Unarmed Combat
 18666 | Lair:2   | Killed haldagan's ghost
 18908 | Lair:3   | Found a staircase to the Swamp.
 19684 | Lair:4   | Reached skill level 10 in Armour
 19891 | Lair:4   | Reached XP level 15. HP: 159/163 MP: 5/14
 19968 | Lair:4   | Found a runed translucent gate.
 19968 | Lair:4   | Found a runed translucent gate.
 19969 | Lair:4   | Found a runed translucent gate.
 19971 | Lair:4   | Noticed Turbonekonecno's ghost (journeyman SpEn)
 20915 | D:8      | Bought an amulet of regeneration for 420 gold pieces
 21128 | Lair:5   | Entered Level 5 of the Lair of Beasts
 21178 | Lair:5   | Received a gift from Trog
 21500 | Lair:5   | Found a viscous altar of Jiyva.
 21500 | Lair:5   | Found a staircase to the Slime Pits.
 21752 | Lair:5   | Received a gift from Trog
 21792 | Lair:5   | Found a runed translucent door.
 21794 | Lair:5   | Found a shimmering altar of Xom.
 21794 | Lair:5   | Noticed Opifex's ghost (journeyman MfSh)
 21794 | Lair:5   | Identified the +9 scimitar of Yredelemnul, Building {chaos,
                  | Contam MP+9 Int+2}
 22344 | Spider:1 | Entered Level 1 of the Spider Nest
 22442 | Spider:1 | Reached skill level 17 in Unarmed Combat
 23497 | Spider:2 | Reached XP level 16. HP: 167/174 MP: 2/15
 23514 | Spider:2 | Received a gift from Trog
 24191 | Spider:2 | Reached skill level 15 in Fighting
 24719 | Spider:3 | Reached skill level 10 in Shields
 24892 | Spider:3 | Noticed Azrael
 24903 | Spider:3 | Killed Azrael
 25022 | Spider:3 | Received a gift from Trog
 26156 | D:14     | Reached skill level 18 in Unarmed Combat
 27401 | D:14     | Found a gate to the Vaults.
 27415 | D:14     | Received a gift from Trog
 27570 | D:14     | Noticed Snorg
 27585 | D:14     | Killed Snorg
 27635 | D:15     | Entered Level 15 of the Dungeon
 27752 | D:15     | Acquired a manual of Shields
 27810 | D:15     | Reached XP level 17. HP: 184/184 MP: 7/16
 27876 | D:15     | Found a staircase to the Depths.
 27910 | D:15     | Noticed Roxanne
 28020 | D:15     | Noticed Rupert
 28032 | D:15     | Killed Rupert
 28128 | D:15     | Found a portal to a secret trove of treasure.
 28181 | D:15     | Noticed Nessos
 28215 | D:15     | Killed Nessos
 28620 | D:15     | Killed Roxanne
 29044 | Spider:4 | Entered Level 4 of the Spider Nest
 29088 | Spider:4 | Reached skill level 1 in Shapeshifting
 29143 | Spider:4 | HP: 9/187 [entropy weaver (2)]
 29146 | Spider:4 | HP: 3/187 [entropy weaver (13)]
 29148 | Spider:4 | Mangled by a steelbarb worm

Illustrated notes

Levels and vault maps discovered:
D:1:      lemuel_arrival_cross, layout_loops_corners
D:2:      layout_loops_ring, hellmonk_ecumenical_altar_heavens_door,
          grunt_ministairs_7, kennysheep_pointless_box,
          nicolae_concentric_dashed_squares_mild, minmay_3d_cube
D:3:      layout_loops_ring, mainiacjoe_overflow_tiny_flanked,
          biasface_ghost_orc_armoury
D:4:      layout_cave_pools, marbit_many_paths,
          nicolae_yredelemnul_corpse_copse, mainiacjoe_overflow_alcove_3,
          minmay_temple_entry_proselytizer, minmay_fire_ice_demons,
          uniq_blork_the_orc, uniq_crazy_yiuf_cottage
D:5:      minmay_spotlight, layout_basic, kennysheep_little_box,
          chequers_temple_overflow_statue_of_worship
D:6:      layout_basic, serial_bayou_pond_b, uniq_duvessa, uniq_sigmund,
          uniq_eustachio
D:7:      layout_basic, mainiacjoe_overflow_surrounded_room,
          uniq_prince_ribbit1, uniq_jeremiah
D:8:      layout_rooms, mainiacjoe_overflow_catwalk, xom_teletrap_fun,
          mainiacjoe_overflow_alcove_1, mainiacjoe_ossuary_entry_find_the_door,
          serial_shops, shop, kennysheep_cross_room, minivault_12
D:9:      layout_loops_ring, hangedman_fish_farm
D:10:     layout_roguey, lemuel_crystal_altar, erik_lair_dragon,
          nicolae_specific_store, uniq_urug, uniq_grum, uniq_sonja
D:11:     layout_irregular_city, st_stairs_2, minmay_misc_feat_ornament,
          uniq_josephine
D:12:     layout_long_grid, david_orc_3, portal_ice_cave_entry_pillars_2,
          minivault_16, lemuel_flame_loot_1, uniq_lodul
D:13:     layout_basic, roderic_roman_lattice, uniq_frances
D:14:     layout_gridville, grunt_vaults_entry_fortified,
          grunt_decor_mini_mirrors, uniq_snorg
D:15:     hangedman_depths_entry_try_elsewhere_first, layout_basic,
          trove_entry_hex_spiral, palyth_stone_intersect, uniq_roxanne,
          uniq_nessos, uniq_rupert
Lair:1:   layout_chaotic_city, grunt_megastairs_1
Lair:2:   layout_misc_corridors, spider_nest_entry_web_field,
          gammafunk_ghost_split, special_room [special_room_bee],
          grunt_megastairs_4
Lair:3:   layout_regular_city, alex1729_swamp_entry_worm_eleionoma
Lair:4:   layout_small_grid, gammafunk_ghost_split, st_stairs_8,
          serial_bayou_shore_b, serial_bayou_shore_b
Lair:5:   minmay_lair_end_frog_pond, layout_regular_city, slime_entry_1,
          ebering_ghost_xom, serial_bayou_crossing
Spider:1: layout_spider_delve
Spider:2: layout_cave_pods, guppyfry_hornet_nest
Spider:3: layout_spider_delve, uniq_azrael
Spider:4: hellmonk_spider_rune_bug_friends, hangedman_stitches_earthworm
Orc:1:    layout_diamond_mine, basic_altar
Orc:2:    grunt_orc_community_town_hall, layout_diamond_mine,
          grunt_orc_community_big_house_2, grunt_orc_community_big_house_2,
          grunt_orc_community_house_3, grunt_orc_community_house_1,
          grunt_orc_community_house_2, grunt_orc_community_house_2,
          grunt_orc_community_house_2, serial_shops, shop_statue,
          sword_in_stone, uniq_jorgrun

Skill      XL: |  1  2  3  4  5  6  7  8  9 10 11 12 13 14 15 16 17 |
---------------+----------------------------------------------------+-----
Fighting       | 3 4 5 6 7 9 10 11 12 13 14 15 | 15.8
Unarmed Combat | 4 5 6 7 8 10 12 13 14 15 16 17 18 | 18.5
Armour         | 2 5 7 8 10 11 12 | 12.5
Shields        | 2 5 7 9 11 | 11.9
Shapeshifting  | 1 |  1.8
Dodging        | |  2.4

Action                     |  1- 3 |  4- 6 |  7- 9 | 10-12 | 13-15 | 16-18 || total
---------------------------+-------+-------+-------+-------+-------+-------++-------
  Melee: Unarmed           |   155 |   129 |   225 |   669 |  1399 |   741 ||  3318
         Punch             |     3 |     3 |    12 |    32 |       |       ||    50
 Invoke: Berserk           |       |       |       |     2 |       |       ||     2
         Brothers in Arms  |       |       |       |     1 |       |     1 ||     2
         Trog's Hand       |       |       |       |     1 |       |       ||     1
    Use: Scroll            |       |       |       |    14 |    16 |     4 ||    34
         Potion            |       |       |       |     9 |     4 |     9 ||    22
   Stab: Sleeping          |     1 |       |     1 |       |       |       ||     2
         Distracted        |       |     1 |       |     1 |     1 |       ||     3
 Armour: Animal skin       |    94 |    84 |    22 |       |       |       ||   200
         Steam dragon scal |       |       |   160 |    81 |       |       ||   241
         Quicksilver drago |       |       |       |   430 |   909 |   219 ||  1558
         Troll leather arm |       |       |       |       |       |   188 ||   188
  Dodge: Dodged            |    74 |    76 |   146 |   493 |   639 |   394 ||  1822
  Block: Tower shield      |       |       |       |    31 |  1219 |   782 ||  2032

Table legend: (Time is in decaauts)
 A = Elapsed time spent in this place.
 B = Non-inter-level travel time spent in this place.
 C = Inter-level travel time spent in this place.
 D = Time resting spent in this place.
 E = Time spent auto-exploring this place.
 F = Levels seen in this place.
 G = Mean time per level.
                   A        B        C        D        E       F      G
               +--------+--------+--------+--------+--------+-----+--------+
         Total |  28788 |  26004 |   2784 |   2886 |  17160 |  28 | 1028.1 |
       Dungeon |  16452 |  14497 |   1955 |   1691 |   9765 |  15 | 1096.8 |
          Lair |   5203 |   4774 |    429 |     90 |   3721 |   5 | 1040.6 |
   Spider Nest |   3658 |   3409 |    249 |    442 |   2066 |   4 |  914.5 |
  Orcish Mines |   2408 |   2258 |    150 |    530 |    994 |   2 | 1204.0 |
       Ossuary |    185 |    185 |      0 |      0 |    114 |   1 |  185.0 |
      Ice Cave |    879 |    879 |      0 |    131 |    500 |   1 |  879.0 |
               +--------+--------+--------+--------+--------+-----+--------+

Top non-repeatable levels by time:
   Orc:2: 1919 daAuts
    D:10: 1850 daAuts
    D:12: 1519 daAuts
    D:14: 1379 daAuts
Spider:2: 1339 daAuts
     D:6: 1319 daAuts
  Lair:4: 1245 daAuts
Spider:3: 1190 daAuts
    D:11: 1159 daAuts
  Lair:5: 1089 daAuts
Spider:1: 1056 daAuts
  Lair:2: 1049 daAuts
    D:15: 1036 daAuts
     D:1: 1024 daAuts
     D:5: 975 daAuts
